 Dungeon Sprint DCSS version 0.29-a0-233-g1125b37a9b (webtiles) character file.

Game seed: 15724587826100356669

28 mhtbhm the Chopper (level 2, -4/29 HPs)
             Began as a Minotaur Berserker on Mar 1, 2022.
             Was a Believer of Trog.
             Slain by a human (5 damage)
             ... in the Dungeon (Sprint III: "The Ten Rune Challenge").
             The game lasted 00:00:41 (268 turns).

mhtbhm the Chopper (Minotaur Berserker)              Turns: 268, Time: 00:00:42

Health: -4/29      AC:  2    Str: 21    XL:     2   Next: 96%
Magic:  1/1        EV: 12    Int:  4    God:    Trog [**....]
Gold:   0          SH:  0    Dex:  9    Spells: 1/1 levels left

rFire   . . .      SeeInvis .   a - +0 hand axe
rCold   . . .      Faith    .   (no shield)
rNeg    . . .      Spirit   .   b - +0 animal skin
rPois   .          Reflect  .   (helmet restricted)
rElec   .          Harm     .   (no cloak)
rCorr   .          Rampage  .   (no gloves)
Will    .....      NoTele   +   (no boots)
Stlth   +.........              (no amulet)
HPRegen 0.09/turn               (no ring)
MPRegen 0.07/turn               (no ring)

@: no status effects
A: horns 2, retaliatory headbutt
a: Renounce Religion, Berserk, Trog's Hand


You were in the Dungeon.
You worshipped Trog.
Trog was pleased with you.
You visited 1 branch

Inventory:

Hand Weapons
 a - a +0 hand axe (weapon)
Armour
 b - a +0 animal skin (worn)
Scrolls
 h - a scroll of blinking
Potions
 c - a potion of curing
 d - a potion of heal wounds
 e - a potion of haste
 f - 2 potions of magic
 g - a potion of berserk rage
 i - a potion of degeneration {unknown}


   Skills:
 + Level 5.5 Fighting
 + Level 5.8 Axes
 + Level 3.2 Armour
 + Level 3.2 Dodging


You had one spell level left.
You didn't know any spells.
Your spell library was empty.

Dungeon Overview and Level Annotations

Branches:
Dungeon (1/1)

Altars:


Innate Abilities, Weirdness & Mutations

You have a pair of horns on your head.
You reflexively headbutt those who attack you in melee.


Message History

You start resting.
You open the door.
There is an open door here.
You start resting.
HP restored.
A human comes into view.
The human hits you but does no damage.
You completely miss the human. The human closely misses you.
You furiously retaliate!
You headbutt the human, but do no damage.
You hit the human.
The human is lightly wounded.
The human closely misses you.
You hit the human.
The human is moderately wounded.
The human closely misses you. You furiously retaliate!
You headbutt the human. You hit the human. You headbutt the human!
The human is severely wounded.
The human hits you.
You closely miss the human.
The human is severely wounded.
The human hits you.
Unknown command.
You closely miss the human.
The human is severely wounded.
The human hits you.
You closely miss the human.
The human is severely wounded.
The human misses you.
You hit the human.
The human is severely wounded.
The human hits you!
You completely miss the human. Your headbutt misses the human.
The human is severely wounded.
The human hits you!
* * * LOW HITPOINT WARNING * * *
You closely miss the human.
The human is severely wounded.
The human hits you.
You die...

▓..†..#
▓.....#...≈≈.. ..#
▓.....#..≈≈≈≈♣♣♣..+
▓####'#..≈≈≈≈≈≈...#
▓:.)..#.≈≈≈≈≈≈....#
▓.....#.≈≈≈≈≈.....#
▓.....#.≈≈≈.......#
▓'#####...........#
▓..........@p.....#
▓▓▓▓▓▓▓▓▓▓▓▓▓▓▓▓▓▓▓


You could see a human.

Vanquished Creatures
  Jessica (D)
  An endoplasm (D)
  A rat (D)
3 creatures vanquished.

Notes
Turn   | Place    | Note
-------+----------+-------------------------------------------
     0 | D        | mhtbhm the Minotaur Berserker began the quest for the Orb.
     0 | D        | Reached XP level 1. HP: 19/19 MP: 0/0
    13 | D        | Noticed Jessica
    18 | D        | Killed Jessica
    18 | D        | Reached ** piety under Trog
    19 | D        | Reached skill level 5 in Fighting
    19 | D        | Reached skill level 5 in Axes
    19 | D        | Reached XP level 2. HP: 11/29 MP: 1/1
   267 | D        | HP: 1/29 [human (8)]
   268 | D        | Slain by a human

Illustrated notes

Levels and vault maps discovered:
D:        dungeon_sprint_mu [sprint_mu_entry_forest, sprint_mu_temple_rooms,
          sprint_mu_d1_horrors, sprint_mu_d2_genie, sprint_mu_d3_branching,
          sprint_mu_orc_legion, sprint_mu_elf_gauntlet, sprint_mu_hive_nellie,
          sprint_mu_lair_fedhas, sprint_mu_vaults_butterflies,
          sprint_mu_slime_circle, sprint_mu_swamp_cave, sprint_mu_snake_twists,
          sprint_mu_blade_basic, sprint_mu_crypt_chambers,
          sprint_mu_tomb_spiral, sprint_mu_vestibule_basic,
          sprint_mu_gehenna_hellfire, sprint_mu_dis_giant,
          sprint_mu_tartarus_statrot, sprint_mu_cocytus_islands, sprint_mu_zot1]

Skill      XL: |  1 |
---------------+----+-----
Fighting       | 5 |  5.5
Axes           | 5 |  5.8
Armour         | 3 |  3.2
Dodging        | 3 |  3.2

Action                   || total
-------------------------++-------
Melee: Hand axe          ||    15
       Headbutt          ||     3
Invok: Berserk           ||     1
Armor: Animal skin       ||     1
Dodge: Dodged            ||     7

Table legend: (Time is in decaauts)
 A = Elapsed time spent in this place.
 B = Non-inter-level travel time spent in this place.
 C = Inter-level travel time spent in this place.
 D = Time resting spent in this place.
 E = Time spent auto-exploring this place.
 F = Levels seen in this place.
 G = Mean time per level.
                   A        B        C        D        E       F      G
               +--------+--------+--------+--------+--------+-----+--------+
         Total |    277 |    277 |      0 |    232 |      1 |   1 |  277.0 |
       Dungeon |    277 |    277 |      0 |    232 |      1 |   1 |  277.0 |
               +--------+--------+--------+--------+--------+-----+--------+

Top non-repeatable levels by time:
       D: 277 daAuts
